 Dungeon Crawl Stone Soup version 0.29.1-1-gd02db69 (webtiles) character file.

Game seed: 10954632379484651663

601 Timinator the Insei (level 6, -13/50 HPs)
             Began as a Demigod Transmuter on Jan 20, 2023.
             Mangled by Menkaure (20 damage)
             ... on level 5 of the Dungeon.
             The game lasted 00:12:19 (6341 turns).

Timinator the Insei (Demigod Transmuter)            Turns: 6341, Time: 00:12:20

Health: -13/50     AC:  6    Str: 15    XL:     6   Next: 96%
Magic:  13/13      EV: 12    Int: 10    God:
Gold:   54         SH:  0    Dex: 20    Spells: 8/11 levels left

rFire   + + +      SeeInvis .     - Unarmed
rCold   . . .      Faith    .   (no shield)
rNeg    . . .      Spirit   .   a - +0 ring mail of Perpetual Drought {rF+++ Will+++ Int-5 Dex+2}
rPois   .          Reflect  .   (helmet currently unavailable)
rElec   .          Harm     .   e - +0 cloak
rCorr   .          Rampage  .   (no gloves)
Will    +++..                   (boots currently unavailable)
Stlth   +.........              (no amulet)
HPRegen 0.16/turn               l - ring of wizardry
MPRegen 0.13/turn               (no ring)

@: about to teleport, appendages (expiring)
A: horns 2, talons 2, high MP 1, forlorn, divine attributes
a: End Transformation


You were on level 5 of the Dungeon.
You had temporarily grown beastly horns and talons.
You visited 1 branch of the dungeon, and saw 5 of its levels.

You collected 270 gold pieces.
You spent 216 gold pieces at shops.

Inventory:

Armour
 a - the +0 ring mail of Perpetual Drought (worn) {rF+++ Will+++ Int-5 Dex+2}
   (You found it on level 3 of the Dungeon)

   Int:       It affects your intelligence (-5).
   Dex:       It affects your dexterity (+2).
   rF:        It renders you almost immune to fire.
   Will:      It greatly increases your willpower.
 e - a +0 cloak (worn)
 k - a +0 ring mail
 t - a +0 pair of boots (melded)
Jewellery
 l - a ring of wizardry (left hand)
Scrolls
 d - 2 scrolls of enchant weapon
 g - a scroll of fear {unknown}
 h - 2 scrolls of teleportation
 j - a scroll of summoning {unknown}
 m - 4 scrolls of butterflies
 o - a scroll of brand weapon {unknown}
 q - 2 scrolls of immolation {unknown}
 s - a scroll of silence {unknown}
 u - a scroll of magic mapping {unknown}
 v - a scroll of vulnerability {unknown}
Potions
 b - 2 potions of curing
 n - 2 potions of flight {unknown}
 p - a potion of brilliance {unknown}
 r - a potion of attraction


   Skills:
 + Level 2.6 Fighting
 * Level 2.6 Armour
 + Level 3.1 Dodging
 * Level 4.4 Unarmed Combat
 - Level 3.0 Spellcasting
 + Level 3.1 Transmutations


You had 8 spell levels left.
You knew the following spells:

 Your Spells              Type           Power      Damage    Failure   Level
a - Beastly Appendage     Tmut           14%        N/A       6%          1
b - Wereblood             Tmut           7%         N/A       9%          2

Your spell library contained the following spells:

 Spells                   Type           Power      Damage    Failure   Level
 Sublimation of Blood     Necr           1%         N/A       32%         2
 Spider Form              Tmut/Pois      4%         N/A       32%         3
 Ice Form                 Ice/Tmut       4%         N/A       71%         4
 Summon Hydra             Summ           0%         N/A       100%        7


Dungeon Overview and Level Annotations

Branches:
Dungeon (5/15)             Temple (0/1) D:4

Shops:
D:3 [

Annotations:
D:5 Menkaure


Innate Abilities, Weirdness & Mutations

You have temporarily grown beastly horns and talons.
You have an increased reservoir of magic. (+10% MP)
You shall have no god before yourself.
Your divine heritage dramatically boosts your attributes as you level up.


Message History

Found a club.
Okay, then.
As you read the scroll labelled ORAHUDEUCU, it crumbles to dust.
You hear the tinkle of a tiny bell.
It was a scroll of butterflies.
Menkaure misses your butterfly.
As you read the scroll labelled MAW HEHOMINI, it crumbles to dust.
It is a scroll of enchant weapon.
You aren't carrying any weapons that can be enchanted.
The worm closely misses your butterfly.
Casting: Beastly Appendage (safe; 6% risk of failure)
Confirm with . or Enter, or press ? or * to list all spells.
You grow a pair of large bovine horns.
Your feet morph into talons.
Your +0 pair of boots melds into your body.
You closely miss Menkaure. The orc barely misses your butterfly.
Menkaure casts a spell.
Menkaure seems to speed up.
You hit Menkaure. You claw Menkaure. You headbutt Menkaure.
Menkaure is moderately damaged.
Menkaure barely misses you.
You barely miss Menkaure.
Menkaure is moderately damaged.
Menkaure calls on the powers of darkness!
Your body is wracked with pain!
The worm convulses!
The orc convulses!
You barely miss Menkaure.
Menkaure is moderately damaged.
Menkaure gestures at you while chanting.
You resist with almost no effort. Menkaure attacks as you move away!
Menkaure hits you!
* * * LOW HITPOINT WARNING * * *
Menkaure calls on the powers of darkness!
The worm convulses!
Your body is wracked with pain!
* * * LOW HITPOINT WARNING * * *
The orc convulses!
There is an open door here.
Your transformation is almost over.
As you read the scroll labelled LYAMOSHR WUZA, it crumbles to dust.
You feel strangely unstable.
It was a scroll of teleportation.
Menkaure hits you but does no damage. Menkaure attacks as you move away!
Menkaure hits you!!
You die...

########## .
.........# ..
.........# ..)
.........# ....
.........# .....
.......@M#####.b..b.
#........5'o.wb......
#.........#####......
######.....b...#
.....
#..............# ....
#.............## ...
#......b......# ##
#....)..>...[.#
###.)..[........#


You could see Menkaure (fast, ally target), a worm, an orc and an ufetubus.

Vanquished Creatures
  2 ice beasts (D:5)
  A phantom (D:4)
  A scorpion (D:4)
  2 orc priests
  An iguana (D:5)
  Crazy Yiuf (D:3)
  An orc wizard (D:4)
  5 adders
  3 dart slugs
  4 orcs
  4 bats
  7 endoplasms
  6 giant cockroaches
  6 goblins
  11 hobgoblins
  8 jackals (D:1)
  13 kobolds
  3 quokkas
  5 ball pythons
  3 frilled lizards
  3 rats
90 creatures vanquished.

Vanquished Creatures (others)
  2 fungi (D:3)
2 creatures vanquished.

Grand Total: 92 creatures vanquished

Notes
Turn   | Place    | Note
-------+----------+-------------------------------------------
     0 | D:1      | Timinator the Demigod Transmuter began the quest for the
                  | Orb.
     0 | D:1      | Reached XP level 1. HP: 15/15 MP: 5/5
    25 | D:1      | Reached skill level 1 in Fighting
    46 | D:1      | Reached XP level 2. HP: 14/23 MP: 5/7
   597 | D:1      | Reached skill level 3 in Unarmed Combat
   728 | D:1      | Reached XP level 3. HP: 24/28 MP: 6/8
  1455 | D:2      | Learned a level 2 spell: Wereblood
  1523 | D:2      | Reached skill level 1 in Armour
  2111 | D:3      | Reached XP level 4. HP: 32/35 MP: 10/10
  2670 | D:3      | Identified the +0 ring mail of Perpetual Drought {rF+++
                  | Will+++ Int-5 Dex+2}
  2751 | D:3      | Found Goiro's Antique Armour Shop.
  2783 | D:3      | Found a runed translucent door.
  2784 | D:3      | Noticed Crazy Yiuf
  2797 | D:3      | Killed Crazy Yiuf
  3090 | D:4      | Found a staircase to the Ecumenical Temple.
  3117 | D:4      | Reached XP level 5. HP: 16/41 MP: 10/12
  3909 | D:4      | Identified the +2 ring mail of the Nine Visions {*Corrode
                  | Regen+ Dex+6}
  4297 | D:5      | Entered Level 5 of the Dungeon
  4298 | D:5      | Noticed an ice beast
  4606 | D:4      | Reached XP level 6. HP: 31/48 MP: 10/13
  5114 | D:5      | Reached skill level 4 in Unarmed Combat
  5709 | D:3      | Bought a distressingly furry ring mail for 216 gold pieces
  5709 | D:3      | Identified the +1 ring mail of Fuzzy Birdsong {rC+} (You
                  | bought it in a shop on level 3 of the Dungeon)
  6327 | D:5      | Noticed Menkaure
  6341 | D:5      | Mangled by Menkaure

Illustrated notes

Levels and vault maps discovered:
D:1:      mrwooster_arrival_statue_3, layout_basic, ebering_ecumenical_altar_box
D:2:      layout_basic
D:3:      layout_loops_ring, serial_shops, shop, uniq_crazy_yiuf_cottage
D:4:      mumra_celtic_spiral_tile, layout_loops_ring,
          nicolae_overflow_two_pavilions, minmay_temple_entry_arrows
D:5:      cheibrodos_thug_alley, layout_basic, nicolae_elevator_lobby_plus,
          uniq_menkaure

Skill      XL: |  1  2  3  4  5  6 |
---------------+-------------------+-----
Fighting       | 1 2 |  2.6
Dodging        | 2 3 |  3.1
Spellcasting   | 2 3 |  3.0
Transmutations | 2 3 |  3.1
Unarmed Combat | 3 4 |  4.4
Armour         | 1 2 |  2.6

Action                   |  1- 3 |  4- 6 || total
-------------------------+-------+-------++-------
Melee: Unarmed           |   108 |   187 ||   295
       Kick              |    26 |    39 ||    65
       Headbutt          |    13 |    22 ||    35
       Punch             |     3 |     6 ||     9
 Cast: Beastly Appendage |    24 |    28 ||    52
       Wereblood         |       |     5 ||     5
  Use: Scroll            |       |     8 ||     8
       Potion            |       |     5 ||     5
 Stab: Invisible         |       |     1 ||     1
Armor: Robe              |     3 |       ||     3
       Leather armour    |    16 |    28 ||    44
       Skin              |       |     7 ||     7
       Ring mail         |       |     4 ||     4
Dodge: Dodged            |    68 |    74 ||   142
